Barons vs Americans

Created - Sunday, January 04, 2015 at 02:25

Goals
1 2 3 OT1 SO T
Barons 0 0 1 0 0 1
Americans 0 1 0 0 1 2
Shots
1 2 3 OT1 SO T
Barons 8 4 8 0 3 20
Americans 1 12 10 4 3 27

1st period

No Goal

Penalties :
Maxime Sauve (RCH) for High sticking (Minor) at 10:03, Jack Skille (RCH) for Tripping (Minor) at 19:10

2nd period

1. Americans , Max Reinhart 5 (Jack Skille, Nate Schmidt) at 13:06 (PP)

Penalties :
David Kolomatis (OKC) for Tripping (Minor) at 8:11, David Musil (OKC) for Interference (Minor) at 12:48

3rd period

2. Barons , Saku Koivu 4 (Ryan Spooner) at 19:40

Penalties :
Nate Schmidt (RCH) for Holding (Minor) at 0:17

Overtime #1

No Goal

Penalties :
No Penalty

Shootout

Penalty Shot by Devin Setoguchi for Barons - Stopped by Petr Mrazek
Penalty Shot by Jerome Samson for Americans - Stopped by Ray Emery
Penalty Shot by Steve Bernier for Barons - Stopped by Petr Mrazek
Penalty Shot by Max Reinhart for Americans - Stopped by Ray Emery
Penalty Shot by Torrey Mitchell for Barons - Stopped by Petr Mrazek
Penalty Shot by Spencer Abbott for Americans - Goal!

Penalties :
No Penalty

Goalie Stats

Ray Emery (OKC), 26 saves from 27 shots - (0.963), OTL, 32-3-5, 64:31 minutes
Petr Mrazek (RCH), 19 saves from 20 shots - (0.950), W, 25-3-3, 65:00 minutes

Players Stats for Barons

Player Name              G  A  P  +/- PIM S  H  SB GA TA FO     MP     PP MP  PK MP  
------------------------------------------------------------------------------------
Andy Miele               0  0  0   0  0   3  1  0  0  3  6/8    20:13   2:54   1:29 
Brad Winchester          0  0  0   0  0   0  3  0  0  0  1/1     6:26   0:00   0:55 
Chris Porter             0  0  0   0  0   0  1  1  1  0  0/0    16:18   0:00   0:00 
Chuck Kobasew            0  0  0   0  0   3  2  1  1  2  0/1    16:56   2:50   0:00 
Daniel New               0  0  0   0  0   0  2  1  0  0  0/0    12:35   0:00   0:40 
David Kolomatis          0  0  0   0  2   0  0  1  0  0  0/0    28:30   3:12   0:18 
David Musil              0  0  0   0  2   0  3  1  0  0  0/0    28:07   3:12   0:36 
Devin Setoguchi          0  0  0   0  0   0  3  2  0  0  1/4    22:57   3:03   0:00 
John Negrin              0  0  0   1  0   0  3  1  0  1  0/0    22:55   2:45   1:23 
Mike Rupp                0  0  0   0  0   0  0  0  0  0  0/0     0:00   0:00   0:00 
Ryan Spooner             0  1  1   1  0   2  3  1  2  0  6/10   21:26   3:03   0:58 
Ryan Stanton             0  0  0   1  0   0  0  0  1  5  0/0    21:37   0:00   1:37 
Saku Koivu               1  0  1   1  0   2  0  2  2  0  0/0    14:55   0:00   0:00 
Shawn Thornton           0  0  0   1  0   1  0  0  3  0  0/0    16:38   0:04   0:00 
Steve Bernier            0  0  0   0  0   3  2  0  2  1  0/0    17:00   2:54   0:00 
Teemu Pulkkinen          0  0  0   0  0   2  2  0  2  0  1/1    12:59   0:00   0:00 
Tommy Cross              0  0  0   0  0   1  1  0  1  2  0/0    17:04   2:45   0:00 
Torrey Mitchell          0  0  0   0  0   3  0  3  0  0  2/7    21:00   3:03   1:12 

Players Stats for Americans

Player Name              G  A  P  +/- PIM S  H  SB GA TA FO     MP     PP MP  PK MP  
------------------------------------------------------------------------------------
Christopher Breen        0  0  0   0  0   0  1  1  0  0  0/0     9:26   0:00   0:00 
Davis Drewiske           0  0  0   0  0   1  1  1  0  1  0/0    15:16   0:00   1:59 
Doug Janik               0  0  0   0  0   0  3  1  0  1  0/0    18:44   0:42   0:58 
Dylan DeMelo             0  0  0   0  0   3  0  1  0  0  0/0    12:28   0:00   0:00 
Farm Player9             0  0  0   0  0   0  1  0  0  0  1/1    13:32   0:00   0:47 
Jack Skille              0  1  1  -1  2   1  0  0  4  0  0/2    16:07   1:10   0:48 
Jamie MacQueen           0  0  0   0  0   2  2  1  2  1  0/0    18:25   0:00   0:27 
Jerome Samson            0  0  0  -1  0   1  1  0  1  0  3/7    23:37   1:10   4:22 
Kale Kessy               0  0  0   0  0   1  2  0  0  0  0/1    16:43   0:00   0:00 
Kevin Sundher            0  0  0   0  0   2  1  0  3  0  4/5    17:54   0:00   0:00 
Max Reinhart             1  0  1  -1  0   5  2  1  3  1  2/4    23:37   1:10   4:22 
Maxime Sauve             0  0  0   0  2   0  3  0  0  0  0/1    17:59   1:07   0:20 
Nate Schmidt             0  1  1  -1  2   3  2  0  2  1  0/0    22:21   1:35   3:00 
Nick Cousins             0  0  0   0  0   1  0  1  0  0  2/4     9:09   0:00   0:00 
Nick Drazenovic          0  0  0   0  0   1  1  1  0  0  3/6    17:08   1:07   0:00 
Peter Andersson          0  0  0   0  0   1  1  0  0  0  0/0    18:44   0:42   0:58 
Rasmus Ristolainen       0  0  0  -1  0   3  2  0  2  2  0/0    24:21   1:35   4:59 
Spencer Abbott           0  0  0   0  0   2  2  1  5  0  0/1    18:24   1:07   0:48 

3 Stars

1 - Ray Emery (OKC)
2 - Petr Mrazek (RCH)
3 - Saku Koivu (OKC)

Power Play

Barons - 0 on 3 Attempt(s) - 0.00%
Americans - 1 on 2 Attempt(s) - 50.00%

Penalty Kill

Barons - 1 on 2 Attempt(s) - 50.00% - Score 0 goal in Penalty Kill
Americans - 3 on 3 Attempt(s) - 100.00% - Score 0 goal in Penalty Kill

Team Stat

Barons - Hits : 26 - Faceoff Wins : 17 - Blocked Shots : 14 - Penalty Minutes : 4
Americans - Hits : 25 - Faceoff Wins : 15 - Blocked Shots : 9 - Penalty Minutes : 6

Official

Referees : Unknown
Linesman : Unknown

Game Notes

Daniel New is injured at 13:09 of 3rd period (Bruised Right Shoulder)

Finance

Level 1 -- Attendance: 1542 (77.10%) -- Ticket Income $46,260
Level 2 -- Attendance: 761 (76.10%) -- Ticket Income $9,132
Total Attendance: 2303 (76.77%)
Total Ticket Income: $55,392
Other Income: $27,142
Total Income: $82,534

Barons

5 vs 5 Forward 
   Center                   Left Wing                Right Wing               Time % Phy DF OF 
 1 Ryan Spooner             Saku Koivu               Devin Setoguchi          30     0   1  4  
 2 Torrey Mitchell          Steve Bernier            Chuck Kobasew            30     0   1  4  
 3 Andy Miele               Teemu Pulkkinen          Torrey Mitchell          30     0   1  4  
 4 Devin Setoguchi          Chris Porter             Shawn Thornton           10     1   2  2  

5 vs 5 Defense 
   Defense                  Defense                                           Time % Phy DF OF 
 1 David Kolomatis          Ryan Stanton                                      35     1   2  2  
 2 John Negrin              David Musil                                       30     1   2  2  
 3 David Kolomatis          Tommy Cross                                       22     1   2  2  
 4 Daniel New               David Musil                                       13     1   2  2  

PowerPlay Forward 
   Center                   Left Wing                Right Wing               Time % Phy DF OF 
 1 Ryan Spooner             Torrey Mitchell          Devin Setoguchi          60     0   1  4  
 2 Andy Miele               Steve Bernier            Chuck Kobasew            40     0   1  4  

PowerPlay Defense
   Defense                  Defense                                           Time % Phy DF OF 
 1 David Kolomatis          David Musil                                       60     1   2  2  
 2 John Negrin              Tommy Cross                                       40     1   2  2  

Penalty Kill 4 Players Forward 
   Center                   Wing                     Time % Phy DF OF 
 1 Andy Miele               Torrey Mitchell          60     1   2  2  
 2 Teemu Pulkkinen          Chuck Kobasew            40     1   2  2  

Penalty Kill 4 Players Defense
   Defense                  Defense                  Time % Phy DF OF 
 1 David Kolomatis          Ryan Stanton             60     1   2  2  
 2 John Negrin              Daniel New               40     1   2  2  

Penalty Kill - 3 Players Forward 
   Forward                                           Time % Phy DF OF 
 1 Torrey Mitchell                                   60     1   2  2  
 2 Andy Miele                                        40     1   2  2  

Penalty Kill - 3 Players Defense
   Defense                  Defense                  Time % Phy DF OF 
 1 David Musil              Tommy Cross              60     1   2  2  
 2 John Negrin              David Kolomatis          40     1   2  2  

4 vs 4 Forward 
   Center                   Wing                     Time % Phy DF OF 
 1 Ryan Spooner             Devin Setoguchi          60     1   2  2  
 2 Teemu Pulkkinen          Torrey Mitchell          40     1   2  2  

4 vs 4 Defense
   Defense                  Defense                  Time % Phy DF OF 
 1 David Kolomatis          David Musil              60     1   2  2  
 2 John Negrin              Tommy Cross              40     1   2  2  

Last Minutes Offensive
   Center                   Left Wing                Right Wing               Defense                  Defense                  
   Ryan Spooner             Saku Koivu               Devin Setoguchi          Torrey Mitchell          Ryan Stanton             

Last Minutes Defensive
   Center                   Left Wing                Right Wing               Defense                  Defense                  
   Andy Miele               Torrey Mitchell          Teemu Pulkkinen          David Kolomatis          Ryan Stanton             

Goaltenders
Starting : Ray Emery                
Backup : Mike Lee                 

Extra Forwards
Normal : Shawn Thornton, Chris Porter, Ryan Spooner - PP : Shawn Thornton, Chris Porter - PK : Ryan Spooner
Extra Defensemen
Normal : David Kolomatis, David Musil, John Negrin - PP : John Negrin - PK : David Kolomatis, John Negrin
Penalty Shots
Devin Setoguchi, Steve Bernier, Torrey Mitchell, Andy Miele, Teemu Pulkkinen

Americans

5 vs 5 Forward 
   Center                   Left Wing                Right Wing               Time % Phy DF OF 
 1 Max Reinhart             Jack Skille              Jerome Samson            35     1   2  2  
 2 Nick Drazenovic          Maxime Sauve             Spencer Abbott           30     1   2  2  
 3 Kevin Sundher            Jamie MacQueen           Kale Kessy               22     1   2  2  
 4 Nick Cousins             Jerome Samson            Max Reinhart             13     1   2  2  

5 vs 5 Defense 
   Defense                  Defense                                           Time % Phy DF OF 
 1 Rasmus Ristolainen       Nate Schmidt                                      35     1   2  2  
 2 Doug Janik               Peter Andersson                                   30     1   2  2  
 3 Dylan DeMelo             Davis Drewiske                                    22     1   2  2  
 4 Christopher Breen        Farm Player9                                      13     1   2  2  

PowerPlay Forward 
   Center                   Left Wing                Right Wing               Time % Phy DF OF 
 1 Max Reinhart             Jack Skille              Jerome Samson            60     1   2  2  
 2 Nick Drazenovic          Maxime Sauve             Spencer Abbott           40     1   2  2  

PowerPlay Defense
   Defense                  Defense                                           Time % Phy DF OF 
 1 Rasmus Ristolainen       Nate Schmidt                                      60     1   2  2  
 2 Doug Janik               Peter Andersson                                   40     1   2  2  

Penalty Kill 4 Players Forward 
   Center                   Wing                     Time % Phy DF OF 
 1 Jerome Samson            Max Reinhart             60     1   2  2  
 2 Spencer Abbott           Jack Skille              40     1   2  2  

Penalty Kill 4 Players Defense
   Defense                  Defense                  Time % Phy DF OF 
 1 Rasmus Ristolainen       Nate Schmidt             60     1   2  2  
 2 Doug Janik               Peter Andersson          40     1   2  2  

Penalty Kill - 3 Players Forward 
   Forward                                           Time % Phy DF OF 
 1 Jerome Samson                                     60     1   2  2  
 2 Max Reinhart                                      40     1   2  2  

Penalty Kill - 3 Players Defense
   Defense                  Defense                  Time % Phy DF OF 
 1 Rasmus Ristolainen       Nate Schmidt             60     1   2  2  
 2 Doug Janik               Peter Andersson          40     1   2  2  

4 vs 4 Forward 
   Center                   Wing                     Time % Phy DF OF 
 1 Jerome Samson            Max Reinhart             60     1   2  2  
 2 Spencer Abbott           Jack Skille              40     1   2  2  

4 vs 4 Defense
   Defense                  Defense                  Time % Phy DF OF 
 1 Rasmus Ristolainen       Nate Schmidt             60     1   2  2  
 2 Doug Janik               Peter Andersson          40     1   2  2  

Last Minutes Offensive
   Center                   Left Wing                Right Wing               Defense                  Defense                  
   Max Reinhart             Jack Skille              Jerome Samson            Rasmus Ristolainen       Nate Schmidt             

Last Minutes Defensive
   Center                   Left Wing                Right Wing               Defense                  Defense                  
   Max Reinhart             Jack Skille              Jerome Samson            Rasmus Ristolainen       Nate Schmidt             

Goaltenders
Starting : Petr Mrazek              
Backup : Louis Domingue           

Extra Forwards
Normal : Kevin Sundher, Nick Cousins, Jamie MacQueen - PP : Kevin Sundher, Nick Cousins - PK : Jamie MacQueen
Extra Defensemen
Normal : Dylan DeMelo, Davis Drewiske, Christopher Breen - PP : Dylan DeMelo - PK : Davis Drewiske, Christopher Breen
Penalty Shots
Jerome Samson, Max Reinhart, Spencer Abbott, Jack Skille, Nick Drazenovic

% Time on Ice - Barons

Lines # - Real PCT - Wanted PCT - Time Play
Normal Forward
1 - 30% - 30% - 15:32
2 - 28% - 30% - 14:07
3 - 25% - 30% - 12:55
4 - 17% - 10% - 8:34
Normal Defense
1 - 28% - 35% - 14:18
2 - 23% - 30% - 11:32
3 - 23% - 22% - 11:35
4 - 27% - 13% - 13:43
PP Forward
1 - 51% - 60% - 3:03
2 - 49% - 40% - 2:54
PP Defense
1 - 54% - 60% - 3:12
2 - 46% - 40% - 2:45
PK Forward
1 - 100% - 60% - 2:17
2 - 0% - 40% - 0:00
PK Defense
1 - 71% - 60% - 1:37
2 - 29% - 40% - 0:40
PK3 Forward
1 - 0% - 60%
2 - 0% - 40%
PK3 Defense
1 - 0% - 60%
2 - 0% - 40%
44 Forward
1 - 99% - 60% - 4:56
2 - 1% - 40% - 0:04
44 Defense
1 - 60% - 60% - 2:59
2 - 40% - 40% - 2:01
Last Minute Offensive  - 0:38
Last Minute Defensive  - 0:00
Total
Forward - 65:00
Defense - 65:00

% Time on Ice - Americans

Lines # - Real PCT - Wanted PCT - Time Play
Normal Forward
1 - 21% - 35% - 11:05
2 - 33% - 30% - 16:50
3 - 32% - 22% - 16:43
4 - 14% - 13% - 7:02
Normal Defense
1 - 29% - 35% - 14:56
2 - 29% - 30% - 14:50
3 - 24% - 22% - 12:28
4 - 18% - 13% - 9:26
PP Forward
1 - 51% - 60% - 1:10
2 - 49% - 40% - 1:07
PP Defense
1 - 69% - 60% - 1:35
2 - 31% - 40% - 0:42
PK Forward
1 - 87% - 60% - 5:09
2 - 13% - 40% - 0:48
PK Defense
1 - 84% - 60% - 4:59
2 - 16% - 40% - 0:58
PK3 Forward
1 - 0% - 60%
2 - 0% - 40%
PK3 Defense
1 - 0% - 60%
2 - 0% - 40%
44 Forward
1 - 97% - 60% - 4:50
2 - 3% - 40% - 0:10
44 Defense
1 - 55% - 60% - 2:46
2 - 45% - 40% - 2:14
Last Minute Offensive  - 0:00
Last Minute Defensive  - 0:06
Total
Forward - 65:00
Defense - 65:00

Play by Play

1st period


0:01 of 1st period - Ryan Spooner wins face-off versus Max Reinhart in neutral zone.
0:25 of 1st period - Snap shot by Jack Skille.
0:25 of 1st period - Deflect By Max Reinhart.
0:25 of 1st period - Shot Misses the Net.
0:25 of 1st period - Puck is out of play.
0:26 of 1st period - Torrey Mitchell wins face-off versus Spencer Abbott in Barons zone.
0:39 of 1st period - Snap shot by Steve Bernier.
0:39 of 1st period - Shot Misses the Net.
0:41 of 1st period - Wrist shot by Steve Bernier.
0:41 of 1st period - Shot Misses the Net.
0:51 of 1st period - Snap shot by Steve Bernier.
0:51 of 1st period - Shot Blocked by Nick Drazenovic.
0:53 of 1st period - Snap shot by David Musil.
0:53 of 1st period - Shot Misses the Net.
0:55 of 1st period - Snap shot by John Negrin.
0:55 of 1st period - Deflect By Steve Bernier.
0:55 of 1st period - Shot Misses the Net.
0:55 of 1st period - Puck is out of play.
0:56 of 1st period - Devin Setoguchi wins face-off versus Kevin Sundher in Americans zone.
1:10 of 1st period - Wrist shot by Shawn Thornton.
1:10 of 1st period - Stopped by Petr Mrazek with a rebound.
1:12 of 1st period - Wrist shot by Devin Setoguchi.
1:12 of 1st period - Shot Misses the Net.
1:46 of 1st period - Snap shot by Teemu Pulkkinen.
1:46 of 1st period - Shot Misses the Net.
1:52 of 1st period - David Musil is hit by Jerome Samson and loses puck.
2:44 of 1st period - Rasmus Ristolainen is hit by David Musil and loses puck.
3:25 of 1st period - Snap shot by Chuck Kobasew.
3:25 of 1st period - Shot Misses the Net.
5:22 of 1st period - Devin Setoguchi is hit by Rasmus Ristolainen and loses puck.
5:57 of 1st period - Slapshot by Torrey Mitchell.
5:57 of 1st period - Deflect By Nick Drazenovic.
5:57 of 1st period - Shot Misses the Net.
5:57 of 1st period - Puck is out of play.
5:58 of 1st period - Teemu Pulkkinen wins face-off versus Nick Cousins in Americans zone.
6:39 of 1st period - Wrist shot by Teemu Pulkkinen.
6:39 of 1st period - Stopped by Petr Mrazek with a rebound.
6:41 of 1st period - Wrist shot by Andy Miele.
6:41 of 1st period - Shot Misses the Net.
6:43 of 1st period - Wrist shot by Torrey Mitchell.
6:43 of 1st period - Shot Blocked by Jamie MacQueen.
6:45 of 1st period - Slapshot by David Musil.
6:45 of 1st period - Shot Misses the Net.
7:22 of 1st period - Ryan Stanton is hit by Christopher Breen and loses puck.
8:04 of 1st period - Maxime Sauve is hit by Brad Winchester and loses puck.
8:27 of 1st period - Maxime Sauve is hit by Daniel New.
9:08 of 1st period - Snap shot by Saku Koivu.
9:08 of 1st period - Stopped by Petr Mrazek without a rebound.
9:09 of 1st period - Ryan Spooner wins face-off versus Kale Kessy in Americans zone.
9:30 of 1st period - Snap shot by Steve Bernier.
9:30 of 1st period - Shot Misses the Net.
9:32 of 1st period - Wrist shot by Chuck Kobasew.
9:32 of 1st period - Deflect By Nate Schmidt.
9:32 of 1st period - Stopped by Petr Mrazek without a rebound.
9:33 of 1st period - Nick Drazenovic wins face-off versus Torrey Mitchell in Americans zone.
10:03 of 1st period - Minor Penalty to Maxime Sauve for High sticking.
10:04 of 1st period - Andy Miele wins face-off versus Jerome Samson in Americans zone.
10:12 of 1st period - Snap shot by Steve Bernier.
10:12 of 1st period - Stopped by Petr Mrazek without a rebound.
10:13 of 1st period - Andy Miele wins face-off versus Jerome Samson in Americans zone.
10:31 of 1st period - Slapshot by Rasmus Ristolainen.
10:31 of 1st period - Shot Misses the Net.
10:49 of 1st period - Wrist shot by Rasmus Ristolainen.
10:49 of 1st period - Shot Misses the Net.
10:59 of 1st period - Snap shot by Jerome Samson.
10:59 of 1st period - Stopped by Ray Emery with a rebound.
11:01 of 1st period - Slapshot by Jerome Samson.
11:01 of 1st period - Shot Blocked by Torrey Mitchell.
11:11 of 1st period - Jack Skille is hit by Ryan Spooner and loses puck.
11:59 of 1st period - Ryan Spooner is hit by Peter Andersson and loses puck.
12:03 of 1st period - Penalty to Maxime Sauve is over, Maxime Sauve is back on ice.
12:27 of 1st period - Shawn Thornton is hit by Jamie MacQueen and loses puck.
13:08 of 1st period - Wrist shot by Spencer Abbott.
13:08 of 1st period - Shot Blocked by David Kolomatis.
13:32 of 1st period - Steve Bernier is hit by Kale Kessy and loses puck.
13:46 of 1st period - Off-side.
13:47 of 1st period - Ryan Spooner wins face-off versus Nick Drazenovic in neutral zone.
14:44 of 1st period - Snap shot by Torrey Mitchell.
14:44 of 1st period - Stopped by Petr Mrazek with a rebound.
14:50 of 1st period - Slapshot by Steve Bernier.
14:50 of 1st period - Deflect By Max Reinhart.
14:50 of 1st period - Stopped by Petr Mrazek with a rebound.
15:46 of 1st period - Jack Skille is hit by John Negrin and loses puck.
16:42 of 1st period - Ryan Stanton is hit by Spencer Abbott and loses puck.
18:00 of 1st period - Tommy Cross is hit by Maxime Sauve.
18:33 of 1st period - Snap shot by Kevin Sundher.
18:33 of 1st period - Shot Blocked by David Musil.
18:35 of 1st period - Snap shot by Kale Kessy.
18:35 of 1st period - Shot Blocked by Torrey Mitchell.
18:37 of 1st period - Slapshot by Davis Drewiske.
18:37 of 1st period - Shot Misses the Net.
19:08 of 1st period - Snap shot by Ryan Spooner.
19:08 of 1st period - Stopped by Petr Mrazek with a rebound.
19:10 of 1st period - Minor Penalty to Jack Skille for Tripping.
19:11 of 1st period - Andy Miele wins face-off versus Jerome Samson in Americans zone.
Goals for this period are 0 for Barons vs 0 for Americans.
Shots for this period are 8 for Barons vs 1 for Americans.

2nd period


0:01 of 2nd period - Jerome Samson wins face-off versus Ryan Spooner in neutral zone.
0:08 of 2nd period - Snap shot by Jerome Samson.
0:08 of 2nd period - Shot Misses the Net.
0:53 of 2nd period - Nate Schmidt is hit by Andy Miele and loses puck.
1:10 of 2nd period - Penalty to Jack Skille is over, Jack Skille is back on ice.
2:43 of 2nd period - Jamie MacQueen is hit by David Musil and loses puck.
3:04 of 2nd period - Spencer Abbott is hit by Chuck Kobasew and loses puck.
4:18 of 2nd period - Snap shot by Spencer Abbott.
4:18 of 2nd period - Deflect By Nick Drazenovic.
4:18 of 2nd period - Stopped by Ray Emery with a rebound.
4:35 of 2nd period - Off-side.
4:36 of 2nd period - Nick Cousins wins face-off versus Chuck Kobasew in neutral zone.
4:38 of 2nd period - Off-side.
4:39 of 2nd period - Nick Cousins wins face-off versus Torrey Mitchell in neutral zone.
5:13 of 2nd period - Icing by Tommy Cross.
5:14 of 2nd period - Ryan Spooner wins face-off versus Maxime Sauve in Barons zone.
5:33 of 2nd period - Saku Koivu is hit by Maxime Sauve and loses puck.
6:33 of 2nd period - Wrist shot by Chris Porter.
6:33 of 2nd period - Shot Blocked by Max Reinhart.
6:35 of 2nd period - Slapshot by David Musil.
6:35 of 2nd period - Shot Blocked by Doug Janik.
6:56 of 2nd period - Kevin Sundher is hit by Steve Bernier and loses puck.
7:35 of 2nd period - Slapshot by Nate Schmidt.
7:35 of 2nd period - Shot Blocked by Devin Setoguchi.
7:39 of 2nd period - Wrist shot by Spencer Abbott.
7:39 of 2nd period - Stopped by Ray Emery with a rebound.
7:43 of 2nd period - Snap shot by Spencer Abbott.
7:43 of 2nd period - Stopped by Ray Emery with a rebound.
7:45 of 2nd period - Wrist shot by Nick Drazenovic.
7:45 of 2nd period - Deflect By Saku Koivu.
7:45 of 2nd period - Shot Misses the Net.
7:45 of 2nd period - Puck is out of play.
7:46 of 2nd period - Kevin Sundher wins face-off versus Ryan Spooner in Barons zone.
7:47 of 2nd period - Snap shot by Jamie MacQueen.
7:47 of 2nd period - Stopped by Ray Emery with a rebound.
7:49 of 2nd period - Slapshot by Jamie MacQueen.
7:49 of 2nd period - Shot Blocked by Saku Koivu.
7:51 of 2nd period - Slapshot by Davis Drewiske.
7:51 of 2nd period - Stopped by Ray Emery with a rebound.
7:53 of 2nd period - Slapshot by Dylan DeMelo.
7:53 of 2nd period - Stopped by Ray Emery with a rebound.
7:55 of 2nd period - Snap shot by Dylan DeMelo.
7:55 of 2nd period - Stopped by Ray Emery with a rebound.
8:01 of 2nd period - Slapshot by Kale Kessy.
8:01 of 2nd period - Shot Blocked by Saku Koivu.
8:03 of 2nd period - Slapshot by Davis Drewiske.
8:03 of 2nd period - Shot Blocked by Devin Setoguchi.
8:11 of 2nd period - Minor Penalty to David Kolomatis for Tripping.
8:12 of 2nd period - Andy Miele wins face-off versus Nick Drazenovic in Barons zone.
8:32 of 2nd period - Slapshot by Rasmus Ristolainen.
8:32 of 2nd period - Shot Blocked by Torrey Mitchell.
8:34 of 2nd period - Slapshot by Nate Schmidt.
8:34 of 2nd period - Stopped by Ray Emery with a rebound.
8:42 of 2nd period - Wrist shot by Rasmus Ristolainen.
8:42 of 2nd period - Shot Misses the Net.
8:58 of 2nd period - Wrist shot by Rasmus Ristolainen.
8:58 of 2nd period - Stopped by Ray Emery with a rebound.
9:48 of 2nd period - Max Reinhart is hit by Ryan Spooner.
10:11 of 2nd period - Penalty to David Kolomatis is over, David Kolomatis is back on ice.
10:30 of 2nd period - Brad Winchester is hit by Nick Drazenovic and loses puck.
10:43 of 2nd period - Wrist shot by Kevin Sundher.
10:43 of 2nd period - Stopped by Ray Emery with a rebound.
10:45 of 2nd period - Slapshot by Jamie MacQueen.
10:45 of 2nd period - Shot Misses the Net.
10:47 of 2nd period - Snap shot by Jamie MacQueen.
10:47 of 2nd period - Shot Misses the Net.
10:49 of 2nd period - Slapshot by Davis Drewiske.
10:49 of 2nd period - Shot Misses the Net.
10:55 of 2nd period - Slapshot by Kevin Sundher.
10:55 of 2nd period - Shot Misses the Net.
11:27 of 2nd period - Kevin Sundher is hit by Devin Setoguchi and loses puck.
12:09 of 2nd period - David Musil is hit by Max Reinhart.
12:19 of 2nd period - Torrey Mitchell is hit by Max Reinhart and loses puck.
12:48 of 2nd period - Minor Penalty to David Musil for Interference.
12:49 of 2nd period - Brad Winchester wins face-off versus Jack Skille in Barons zone.
13:02 of 2nd period - Wrist shot by Jack Skille.
13:02 of 2nd period - Shot Misses the Net.
13:04 of 2nd period - Snap shot by Max Reinhart.
13:04 of 2nd period - Stopped by Ray Emery with a rebound.
13:06 of 2nd period - Slapshot by Max Reinhart.
13:06 of 2nd period - Goal by Max Reinhart - Barons : 0 - Americans : 1.
13:07 of 2nd period - Ryan Spooner wins face-off versus Nick Drazenovic in neutral zone.
13:36 of 2nd period - Jack Skille is hit by Ryan Spooner and loses puck.
15:56 of 2nd period - Snap shot by Steve Bernier.
15:56 of 2nd period - Shot Blocked by Spencer Abbott.
16:00 of 2nd period - Snap shot by Steve Bernier.
16:00 of 2nd period - Stopped by Petr Mrazek with a rebound.
16:02 of 2nd period - Snap shot by Chuck Kobasew.
16:02 of 2nd period - Stopped by Petr Mrazek with a rebound.
16:04 of 2nd period - Wrist shot by Steve Bernier.
16:04 of 2nd period - Shot Misses the Net.
16:06 of 2nd period - Slapshot by Tommy Cross.
16:06 of 2nd period - Shot Misses the Net.
16:08 of 2nd period - Slapshot by David Musil.
16:08 of 2nd period - Shot Blocked by Christopher Breen.
16:10 of 2nd period - Snap shot by Chuck Kobasew.
16:10 of 2nd period - Stopped by Petr Mrazek with a rebound.
16:35 of 2nd period - Wrist shot by Jack Skille.
16:35 of 2nd period - Shot Misses the Net.
16:58 of 2nd period - Teemu Pulkkinen is hit by Kale Kessy and loses puck.
17:43 of 2nd period - Saku Koivu is hit by Doug Janik and loses puck.
18:14 of 2nd period - Nate Schmidt is hit by Chuck Kobasew and loses puck.
18:35 of 2nd period - Chris Porter is hit by Maxime Sauve and loses puck.
19:08 of 2nd period - Ryan Stanton is hit by Nate Schmidt and loses puck.
19:23 of 2nd period - Davis Drewiske is hit by John Negrin and loses puck.
19:32 of 2nd period - Snap shot by Andy Miele.
19:32 of 2nd period - Shot Blocked by Nick Cousins.
19:34 of 2nd period - Slapshot by Tommy Cross.
19:34 of 2nd period - Stopped by Petr Mrazek without a rebound.
19:35 of 2nd period - Andy Miele wins face-off versus Nick Cousins in Americans zone.
19:56 of 2nd period - Wrist shot by Steve Bernier.
19:56 of 2nd period - Shot Blocked by Dylan DeMelo.
19:58 of 2nd period - Slapshot by Chuck Kobasew.
19:58 of 2nd period - Shot Misses the Net.
Goals for this period are 0 for Barons vs 1 for Americans.
Shots for this period are 4 for Barons vs 12 for Americans.

3rd period


0:01 of 3rd period - Andy Miele wins face-off versus Jerome Samson in neutral zone.
0:17 of 3rd period - Minor Penalty to Nate Schmidt for Holding.
0:18 of 3rd period - Jerome Samson wins face-off versus Ryan Spooner in Americans zone.
0:18 of 3rd period - Jerome Samson is hit by David Musil.
1:11 of 3rd period - Max Reinhart is hit by Steve Bernier and loses puck.
2:01 of 3rd period - Snap shot by Ryan Spooner.
2:01 of 3rd period - Stopped by Petr Mrazek with a rebound.
2:11 of 3rd period - David Musil is hit by Davis Drewiske and loses puck.
2:17 of 3rd period - Penalty to Nate Schmidt is over, Nate Schmidt is back on ice.
2:34 of 3rd period - Chris Porter is hit by Spencer Abbott and loses puck.
3:01 of 3rd period - Snap shot by Torrey Mitchell.
3:01 of 3rd period - Stopped by Petr Mrazek with a rebound.
3:03 of 3rd period - Snap shot by Andy Miele.
3:03 of 3rd period - Stopped by Petr Mrazek with a rebound.
3:05 of 3rd period - Slapshot by Ryan Stanton.
3:05 of 3rd period - Deflect By Andy Miele.
3:05 of 3rd period - Shot Misses the Net.
3:05 of 3rd period - Puck is out of play.
3:06 of 3rd period - Kevin Sundher wins face-off versus Andy Miele in Americans zone.
4:06 of 3rd period - Slapshot by Spencer Abbott.
4:06 of 3rd period - Shot Hit the Post.
4:12 of 3rd period - Nick Drazenovic is hit by Teemu Pulkkinen and loses puck.
5:33 of 3rd period - Snap shot by Kale Kessy.
5:33 of 3rd period - Shot Misses the Net.
5:35 of 3rd period - Slapshot by Peter Andersson.
5:35 of 3rd period - Stopped by Ray Emery with a rebound.
6:21 of 3rd period - Snap shot by Jamie MacQueen.
6:21 of 3rd period - Stopped by Ray Emery with a rebound.
6:23 of 3rd period - Wrist shot by Dylan DeMelo.
6:23 of 3rd period - Stopped by Ray Emery with a rebound.
6:25 of 3rd period - Slapshot by Kevin Sundher.
6:25 of 3rd period - Stopped by Ray Emery with a rebound.
6:35 of 3rd period - Backhand shot by Max Reinhart.
6:35 of 3rd period - Stopped by Ray Emery with a rebound.
6:37 of 3rd period - Wrist shot by Max Reinhart.
6:37 of 3rd period - Stopped by Ray Emery with a rebound.
7:57 of 3rd period - Wrist shot by Andy Miele.
7:57 of 3rd period - Stopped by Petr Mrazek with a rebound.
8:57 of 3rd period - Chris Porter is hit by Doug Janik and loses puck.
10:06 of 3rd period - Spencer Abbott is hit by Brad Winchester and loses puck.
10:50 of 3rd period - Nate Schmidt is hit by Devin Setoguchi and loses puck.
10:57 of 3rd period - Snap shot by Devin Setoguchi.
10:57 of 3rd period - Deflect By Nate Schmidt.
10:57 of 3rd period - Shot Misses the Net.
10:57 of 3rd period - Puck is out of play.
10:58 of 3rd period - Farm Player9 wins face-off versus Devin Setoguchi in Americans zone.
11:14 of 3rd period - Dylan DeMelo is hit by Daniel New and loses puck.
11:45 of 3rd period - Rasmus Ristolainen is hit by Brad Winchester and loses puck.
12:15 of 3rd period - Christopher Breen is hit by Teemu Pulkkinen.
12:32 of 3rd period - Icing by Tommy Cross.
12:33 of 3rd period - Kevin Sundher wins face-off versus Devin Setoguchi in Barons zone.
12:48 of 3rd period - David Musil is hit by Doug Janik and loses puck.
13:09 of 3rd period - Slapshot by Rasmus Ristolainen.
13:09 of 3rd period - Shot Blocked by Daniel New.
13:09 of 3rd period - Daniel New from Barons is injured at 13:09 of 3rd period (Bruised Right Shoulder).
13:10 of 3rd period - Torrey Mitchell wins face-off versus Max Reinhart in Barons zone.
13:29 of 3rd period - Slapshot by Rasmus Ristolainen.
13:29 of 3rd period - Shot Misses the Net.
14:03 of 3rd period - Nate Schmidt is hit by Devin Setoguchi and loses puck.
14:31 of 3rd period - Saku Koivu is hit by Rasmus Ristolainen and loses puck.
14:54 of 3rd period - Wrist shot by Torrey Mitchell.
14:54 of 3rd period - Stopped by Petr Mrazek with a rebound.
15:30 of 3rd period - Peter Andersson is hit by Chris Porter and loses puck.
15:52 of 3rd period - Snap shot by Teemu Pulkkinen.
15:52 of 3rd period - Stopped by Petr Mrazek with a rebound.
15:54 of 3rd period - Snap shot by Torrey Mitchell.
15:54 of 3rd period - Deflect By Andy Miele.
15:54 of 3rd period - Shot Misses the Net.
15:54 of 3rd period - Puck is out of play.
15:55 of 3rd period - Nick Drazenovic wins face-off versus Andy Miele in Americans zone.
15:55 of 3rd period - Nick Drazenovic is hit by John Negrin.
16:57 of 3rd period - Wrist shot by Kevin Sundher.
16:57 of 3rd period - Shot Misses the Net.
16:59 of 3rd period - Wrist shot by Jamie MacQueen.
16:59 of 3rd period - Shot Misses the Net.
17:03 of 3rd period - Snap shot by Kale Kessy.
17:03 of 3rd period - Stopped by Ray Emery without a rebound.
17:04 of 3rd period - Kevin Sundher wins face-off versus Torrey Mitchell in Barons zone.
17:09 of 3rd period - Slapshot by Rasmus Ristolainen.
17:09 of 3rd period - Shot Misses the Net.
17:48 of 3rd period - Wrist shot by Shawn Thornton.
17:48 of 3rd period - Shot Misses the Net.
18:25 of 3rd period - Snap shot by Andy Miele.
18:25 of 3rd period - Shot Misses the Net.
18:27 of 3rd period - Snap shot by Teemu Pulkkinen.
18:27 of 3rd period - Deflect By Andy Miele.
18:27 of 3rd period - Stopped by Petr Mrazek without a rebound.
18:28 of 3rd period - Nick Drazenovic wins face-off versus Devin Setoguchi in Americans zone.
18:35 of 3rd period - Snap shot by Spencer Abbott.
18:35 of 3rd period - Shot Misses the Net.
19:11 of 3rd period - Barons, Ray Emery is pulled from the net.
19:19 of 3rd period - Saku Koivu is hit by Jamie MacQueen and loses puck.
19:34 of 3rd period - Wrist shot by Saku Koivu.
19:34 of 3rd period - Deflect By Ryan Spooner.
19:34 of 3rd period - Shot Blocked by Davis Drewiske.
19:34 of 3rd period - Puck is out of play.
19:35 of 3rd period - Jacques Martin call a timeout for Barons.
19:35 of 3rd period - Ryan Spooner wins face-off versus Jack Skille in Americans zone.
19:40 of 3rd period - Wrist shot by Saku Koivu.
19:40 of 3rd period - Goal by Saku Koivu - Barons : 1 - Americans : 1.
19:40 of 3rd period - Ray Emery from Barons was sent back in the game.
19:41 of 3rd period - Max Reinhart wins face-off versus Torrey Mitchell in neutral zone.
19:46 of 3rd period - Snap shot by Jack Skille.
19:46 of 3rd period - Stopped by Ray Emery with a rebound.
19:48 of 3rd period - Wrist shot by Max Reinhart.
19:48 of 3rd period - Stopped by Ray Emery with a rebound.
19:50 of 3rd period - Slapshot by Rasmus Ristolainen.
19:50 of 3rd period - Shot Blocked by John Negrin.
19:52 of 3rd period - Slapshot by Nate Schmidt.
19:52 of 3rd period - Shot Blocked by Chuck Kobasew.
19:54 of 3rd period - Wrist shot by Nate Schmidt.
19:54 of 3rd period - Stopped by Ray Emery without a rebound.
19:55 of 3rd period - Max Reinhart wins face-off versus Torrey Mitchell in Barons zone.
19:56 of 3rd period - Snap shot by Jack Skille.
19:56 of 3rd period - Shot Misses the Net.
Goals for this period are 1 for Barons vs 0 for Americans.
Shots for this period are 8 for Barons vs 10 for Americans.

Overtime #1


0:01 of 1st overtime period - Jerome Samson wins face-off versus Ryan Spooner in neutral zone.
0:16 of 1st overtime period - Slapshot by Devin Setoguchi.
0:16 of 1st overtime period - Shot Misses the Net.
0:26 of 1st overtime period - Slapshot by Jerome Samson.
0:26 of 1st overtime period - Shot Misses the Net.
0:28 of 1st overtime period - Snap shot by Rasmus Ristolainen.
0:28 of 1st overtime period - Stopped by Ray Emery with a rebound.
1:46 of 1st overtime period - Shawn Thornton is hit by Kevin Sundher and loses puck.
1:59 of 1st overtime period - Rasmus Ristolainen is hit by Tommy Cross and loses puck.
2:10 of 1st overtime period - Slapshot by Nate Schmidt.
2:10 of 1st overtime period - Stopped by Ray Emery with a rebound.
2:24 of 1st overtime period - Snap shot by Doug Janik.
2:24 of 1st overtime period - Shot Blocked by Ryan Spooner.
2:34 of 1st overtime period - Slapshot by Ryan Spooner.
2:34 of 1st overtime period - Shot Hit the Post.
3:08 of 1st overtime period - Shawn Thornton is hit by Farm Player9 and loses puck.
4:11 of 1st overtime period - Wrist shot by Nick Cousins.
4:11 of 1st overtime period - Stopped by Ray Emery with a rebound.
4:13 of 1st overtime period - Slapshot by Rasmus Ristolainen.
4:13 of 1st overtime period - Shot Blocked by Chris Porter.
4:15 of 1st overtime period - Slapshot by Rasmus Ristolainen.
4:15 of 1st overtime period - Stopped by Ray Emery with a rebound.
4:17 of 1st overtime period - Slapshot by Nate Schmidt.
4:17 of 1st overtime period - Shot Misses the Net.
4:19 of 1st overtime period - Slapshot by Rasmus Ristolainen.
4:19 of 1st overtime period - Shot Misses the Net.
4:37 of 1st overtime period - Ryan Spooner is hit by Nate Schmidt and loses puck.
4:44 of 1st overtime period - Slapshot by Devin Setoguchi.
4:44 of 1st overtime period - Shot Misses the Net.
Goals for this period are 0 for Barons vs 0 for Americans.
Shots for this period are 0 for Barons vs 4 for Americans.

ShootOut


5:00 of 1st overtime period - Penalty Shot by Devin Setoguchi for Barons.
5:00 of 1st overtime period - Snap shot by Devin Setoguchi.
5:00 of 1st overtime period - Stopped by Petr Mrazek.
5:00 of 1st overtime period - Penalty Shot by Jerome Samson for Americans.
5:00 of 1st overtime period - Snap shot by Jerome Samson.
5:00 of 1st overtime period - Stopped by Ray Emery.
5:00 of 1st overtime period - Penalty Shot by Steve Bernier for Barons.
5:00 of 1st overtime period - Wrist shot by Steve Bernier.
5:00 of 1st overtime period - Stopped by Petr Mrazek.
5:00 of 1st overtime period - Penalty Shot by Max Reinhart for Americans.
5:00 of 1st overtime period - Snap shot by Max Reinhart.
5:00 of 1st overtime period - Stopped by Ray Emery.
5:00 of 1st overtime period - Penalty Shot by Torrey Mitchell for Barons.
5:00 of 1st overtime period - Snap shot by Torrey Mitchell.
5:00 of 1st overtime period - Stopped by Petr Mrazek.
5:00 of 1st overtime period - Penalty Shot by Spencer Abbott for Americans.
5:00 of 1st overtime period - Wrist shot by Spencer Abbott.
5:00 of 1st overtime period - Goal by Spencer Abbott.


Output by the SimonT Hockey Simulator (STHS) for Eric Dolegowski -- Original Page W3C XHTML 1.0 Valid
Hockey Simulator - Hockey Simulation - Hockey Manager